 Dungeon Crawl Stone Soup version 0.32-a0-918-g0f22ef8d61 (webtiles) character file.

Game seed: 781937193879301265

182880 Querens the Sorcerer (level 17, -18/94 HPs)
             Began as a Deep Elf Conjurer on Apr 9, 2024.
             Was the Champion of Vehumet.
             Shot with an arrow by a naga sharpshooter (21 damage)
             ... on level 2 of the Snake Pit on Apr 11, 2024.
             The game lasted 02:09:26 (16705 turns).

Querens the Sorcerer (Deep Elf Conjurer)           Turns: 16705, Time: 02:09:26

Health: -18/94     AC: 12    Str:  4    XL:     17   Next: 17%
Magic:  13/54      EV:  9    Int: 37    God:    Vehumet [******]
Gold:   1788       SH: 10    Dex: 16    Spells: 6/61 levels left

rFire   + . .        T - staff of alchemy
rCold   + . .        D - +0 buckler
rNeg    . . .        N - +3 troll leather armour
rPois   +            C - +1 hat {SInv}
rElec   .            O - scarf {rC+ rF+}
rCorr   +            X - +2 pair of gloves
SInv    +            G - +1 pair of boots
Will    +....        m - amulet of reflection
Stlth   ++           l - ring of magical power
HPRegen 1.15/turn    S - ring of Baczanof {rCorr Int+5 Dex+3}
MPRegen 0.34/turn

%: reflection
@: studying Translocations
A: no striking features
}: 1/15 runes: serpentine
a: Renounce Religion


You were on level 2 of the Snake Pit.
You worshipped Vehumet.
Vehumet was exalted by your worship.
You visited 5 branches of the dungeon, and saw 24 of its levels.
You also visited: Sewer and Ice Cave.

You collected 4200 gold pieces.
You spent 2412 gold pieces at shops.

Inventory:

Hand Weapons
 R - the +6 shillelagh "Devastator" {shatter}
   (You found it on level 11 of the Dungeon)
 U - the +12 short sword of the Sky {elec, *Noise ^Fragile rC+++ Will+}
   (You found it in an ice cave)

   rC+++:     It renders you almost immune to cold.
   Will+:     It increases your willpower.
   *Noise:    It may make a loud noise when swung.
   ^Fragile:  It will be destroyed if unequipped.
Armour
 C - a +1 hat of see invisible (worn)
 D - a +0 buckler (worn)
 E - a +0 robe of cold resistance
 G - a +1 pair of boots (worn)
 N - a +3 troll leather armour (worn)
 O - a scarf of resistance (worn)
 X - a +2 pair of gloves (worn)
Magical Staves
 d - a staff of fire
 A - a staff of cold
 T - a staff of alchemy (weapon)
Jewellery
 j - a ring of ice
 l - a ring of magical power (left hand)
 m - an amulet of reflection (around neck)
 s - a ring of protection from fire
 x - a ring of flight
 z - a +6 ring of dexterity
 B - the ring of Sophism {+Blink rC+ Str+4 SInv}
   (You found it on level 4 of the Lair of Beasts)

   [ring of see invisible]

   Str+4:     It affects your strength (+4).
   rC+:       It protects you from cold.
   SInv:      It lets you see invisible.
   +Blink:    It lets you blink.
 H - a ring of fire
 J - a ring of willpower
 Q - a ring of resist corrosion
 S - the ring of Baczanof (right hand) {rCorr Int+5 Dex+3}
   (You bought it in a shop on level 3 of the Snake Pit)

   [ring of resist corrosion]

   Int+5:     It affects your intelligence (+5).
   Dex+3:     It affects your dexterity (+3).
   rCorr:     It protects you from acid and corrosion.
 W - a +6 ring of intelligence
Scrolls
 h - 2 scrolls of summoning
 i - 5 scrolls of amnesia
 o - a scroll of immolation
 p - 4 scrolls of fog
 t - 2 scrolls of torment
 u - 5 scrolls of teleportation
 y - 3 scrolls of blinking
 F - 6 scrolls of revelation
 I - 4 scrolls of vulnerability
 M - a scroll of enchant weapon
 V - 2 scrolls of fear
 Y - a scroll of brand weapon
 Z - 2 scrolls of silence
Potions
 a - 2 potions of mutation
 b - a potion of magic
 c - 3 potions of haste
 e - 2 potions of ambrosia
 f - 6 potions of might
 g - 6 potions of curing
 k - a potion of attraction
 n - 7 potions of heal wounds
 q - 2 potions of resistance
 r - 3 potions of lignification
 v - 3 potions of brilliance
 w - 3 potions of cancellation
 K - 3 potions of enlightenment
 L - 2 potions of berserk rage
 P - a potion of invisibility


   Skills:
 - Level 6.5 Fighting
 - Level 2.4 Dodging
 - Level 2.4 Stealth
 - Level 6.0 Shields
 + Level 22.7 Spellcasting
 + Level 19.6 Conjurations
 - Level 12.0 Translocations
 + Level 13.4 Fire Magic


You had 6 spell levels left.
You knew the following spells:

 Your Spells              Type           Power      Damage    Failure   Level
a - Magic Dart            Conj           100%       1d8       0%          1
b - Searing Ray           Conj           100%       2d8       0%          2
c - Iskenderun's Mystic   Conj/Tloc      100%       2d19      (+2d11%     4
d - Fulminant Prism       Conj/Alch      53%        3d23      1%          4
e - Fireball              Conj/Fire      52%        3d20      1%          5
f - Iskenderun's Battles  Conj           100%       2d15      0%          5
g - Orb of Destruction    Conj           56%        9d14      1%          7
h - Spellforged Servitor  Conj/Summ      43%        N/A       7%          7
i - Starburst             Conj/Fire      52%        6d14      1%          6
j - Plasma Beam           Fire/Air       37%        2x1d51    4%          6
k - Lehudib's Crystal Sp  Conj/Erth      43%        10d10     45%         8

Your spell library contained the following spells:

 Spells                   Type           Power      Damage    Failure   Level
 Dazzling Flash           Conj/Hex       100%       N/A       1%          3
 Hailstorm                Conj/Ice       86%        3d14      1%          3
 Mephitic Cloud           Conj/Alch/Air  94%        N/A       1%          3
 Teleport Other           Tloc           92%        N/A       1%          3
 Volatile Blastmotes      Fire/Tloc      100%       2d18      1%          3
 Passage of Golubria      Tloc           92%        N/A       1%          4
 Bombard                  Conj/Erth      43%        9d7       1%          6
 Dispersal                Tloc           46%        N/A       1%          6
 Gell's Gavotte           Tloc           46%        2d(32-47) 1%          6
 Jinxbite                 Hex            84%        N/A       2%          2
 Summon Ice Beast         Ice/Summ       42%        N/A       5%          3
 Tukima's Dance           Hex            42%        N/A       5%          3
 Yara's Violent Unravell  Hex/Alch       29%        3d12      13%         5
 Cause Fear               Hex            21%        N/A       19%         4
 Curse of Agony           Necr           42%        N/A       45%         5
 Silence                  Hex/Air        21%        N/A       45%         5
 Summon Mana Viper        Hex/Summ       42%        N/A       45%         5
 Permafrost Eruption      Ice/Erth       21%        2x4d5     54%         6
 Sculpt Simulacrum        Ice/Alch       29%        N/A       95%         6
 Manifold Assault         Tloc           46%        N/A       11%         7
 Disjunction              Tloc           46%        N/A       65%         8
 Ozocubu's Refrigeration  Ice            21%        4d12      97%         7
 Enfeeble                 Hex            21%        N/A       100%        7
 Monstrous Menagerie      Summ           21%        N/A       100%        7
 Dragon's Call            Summ           21%        N/A       100%        9
 Polar Vortex             Ice            21%        12d2*     100%        9


Dungeon Overview and Level Annotations

Branches:
Dungeon (12/15)            Temple (1/1) D:7            Lair (5/5) D:9
 Shoals (0/4) Lair:3        Snake (4/4) Lair:2        Slime (0/5) Lair:4
    Orc (2/2) D:12            Elf (0/3) Orc:2         Sewer (visited)
  IceCv (visited)

Altars:
Ashenzari
Cheibriados
Dithmenos
Elyvilon
Fedhas
Gozag
Hepliaklqana
Kikubaaqudgha
Makhleb
Nemelex Xobeh
Okawaru
Qazlal
Ru
Sif Muna
Trog
Uskayaw
Vehumet
Wu Jian
Xom
Yredelemnul
Zin
The Shining One
Jiyva

Shops:
Orc:2 [**?([[   Snake:2 ?*   Snake:3 (=


Message History

Press: ? - help, Dir - look around, f - activate The bolt of fire hits the naga!!!
You kill the naga!
Vehumet accepts your kill.
You feel your power returning.
The bolt of fire hits the naga sharpshooter!!!
The naga sharpshooter is almost dead.
The bolt of fire hits the salamander mystic.
The salamander mystic completely resists.
The naga sharpshooter casts a spell.
The naga sharpshooter magically shoots a bolt.
The bolt hits you!!
* * * LOW HITPOINT WARNING * * *
The naga sharpshooter shoots an arrow.
You block the arrow with an invisible shield... and reflect it back!
The arrow hits the naga sharpshooter!
Unknown command.
Unknown command.
Casting: Starburst (mildly dangerous; 1% risk of failure)
Confirm with . or Enter, or press ? or * to list all spells.
Casting: Starburst (mildly dangerous; 1% risk of failure)
Press: ? - help, Dir - look around, f - activate The bolt of fire hits the naga sharpshooter!!!
You kill the naga sharpshooter!
Vehumet accepts your kill.
The bolt of fire hits the salamander mystic.
The salamander mystic completely resists.
The naga sharpshooter shoots an arrow.
The arrow hits you!
* * * LOW HITPOINT WARNING * * *
Your life force feels restored.
Unknown command.
You feel much better.
The salamander mystic gestures at you while chanting.
The lance of force hits you!!
* * * LOW HITPOINT WARNING * * *
You are knocked back by the lance of force.
You slam into the rock wall.
* * * LOW HITPOINT WARNING * * *
The naga sharpshooter shoots an arrow.
The arrow hits you!!
You die...

#.##### # #.#...# # #.#...#####
#############.#...##.## ###
######.............##.# #.##
#.####...##....###########.# #.##
.........##....# #.# #.##
#.####...##....###########.###.##
#.# #....N......@.............N..
#.# #..#######....##...N....)....
#.###..#######N.).##.#####.##..##
#....>.......N......)............
..###..###.#.#..).##.#####.......
..# #.............##.# ####....
..# #..###.####...##.# ..... ..#
#..#.....##...##.# ......
..####.#.#.#.###..##.#


You could see a naga warrior, a naga sharpshooter, a salamander mystic and a
salamander.

Vanquished Creatures
  Saint Roka (Orc:2)
  6 nagarajas (Snake:4)
  An orc warlord (Orc:1)
  2 dire elephants (Lair:5)
  A salamander tyrant (Snake:4)
  2 ironbound frosthearts (IceCv)
  A centaur warrior (Orc:2)
  11 anacondas
  3 two-headed ogres
  3 boulder beetles
  7 death yaks
  22 naga warriors
  19 naga sharpshooters
  6 shock serpents
  3 skysharks
  Amaemon (Lair:1)
  A spectral death yak (Lair:5)
  4 salamander mystics
  An orange crystal statue (Lair:2)
  2 sea snakes (Snake:1)
  An obsidian statue (Lair:5)
  7 naga ritualists
  Pikel (D:8)
  3 orc knights (Orc:2)
  2 harpies (Lair:3)
  18 mana vipers
  4 necromancers (Lair:5)
  A cyclops (D:12)
  A manticore (D:11)
  An orc sorcerer (Orc:2)
  20 salamanders
  21 elephants (Lair:5)
  2 dire elephant zombies (Lair:5)
  4 kobold blastminers (Orc:2)
  14 naga magi
  11 guardian serpents
  33 black mambas
  An ice statue (IceCv)
  An orange demon (Lair:1)
  14 cane toads
  2 gargoyles
  Jeremiah (D:8)
  Maggie (Lair:2)
  2 kobold demonologists
  3 rime drakes
  5 komodo dragons
  16 polar bears
  A queen bee (D:10)
  7 trolls
  A hornet (Lair:2)
  16 blink frogs
  61 yaks
  4 wyverns
  4 wargs
  3 wraiths
  7 vampire mosquitoes
  5 basilisks
  3 steam dragons
  40 nagas
  An acid dragon (D:9)
  Duvessa (D:6)
  21 water moccasins
  An elephant zombie (Lair:5)
  2 ice beasts
  A sky beast (D:8)
  3 black bears
  33 orc warriors
  An ogre (D:5)
  38 wolves
  4 boggarts (Lair:3)
  11 centaurs
  3 lemures (D:8)
  A phantom (D:5)
  An elephant skeleton (Lair:5)
  A kobold brigand (D:11)
  2 brain worms (Sewer)
  13 bullfrogs
  A cane toad simulacrum (Lair:5)
  A gnoll sergeant (D:8)
  5 scorpions
  3 wights (D:7)
  Dowan (D:6)
  14 killer bees (D:10)
  2 elephant simulacra (Lair:5)
  An electric eel (Snake:1)
  3 howler monkeys
  3 lava snakes (Lair:2)
  2 jellies
  4 bombardier beetles
  13 orc priests
  A gnoll bouda (D:4)
  2 hounds
  2 sleepcaps
  An iguana (D:5)
  17 orc wizards
  7 gnolls
  12 adders
  4 river rats (Sewer)
  12 white imps (D:12)
  3 ribbon worms
  77 orcs
  7 bats
  7 endoplasms
  5 goblins
  4 hobgoblins
  13 jackals
  18 kobolds
  3 quokkas
  9 ball pythons
  3 frilled lizards
  6 rats
843 creatures vanquished.

Vanquished Creatures (collateral kills)
  A spectral anaconda (Lair:5)
1 creature vanquished.

Vanquished Creatures (others)
  A black mamba (Snake:1)
  32 fulminant prisms
33 creatures vanquished.

Grand Total: 877 creatures vanquished

Notes
Turn   | Place    | Note
-------+----------+-------------------------------------------
     0 | D:1      | Querens the Deep Elf Conjurer began the quest for the Orb.
     0 | D:1      | Reached XP level 1. HP: 10/10 MP: 6/6
    93 | D:1      | Reached XP level 2. HP: 9/15 MP: 1/8
    96 | D:1      | Learned a level 2 spell: Searing Ray
   553 | D:1      | Reached skill level 4 in Spellcasting
   623 | D:2      | Found a faded altar of an unknown god.
   667 | D:2      | Reached XP level 3. HP: 19/19 MP: 7/10
   671 | D:2      | Reached skill level 5 in Conjurations
  1142 | D:3      | Reached XP level 4. HP: 24/24 MP: 12/12
  1147 | D:3      | Learned a level 4 spell: Iskenderun's Mystic Blast
  1152 | D:3      | Learned a level 4 spell: Fulminant Prism
  1269 | D:3      | Found a broken altar of Ashenzari.
  1355 | D:3      | You fall into a shaft and drop 2 floors!
  1355 | D:5      | Entered Level 5 of the Dungeon
  1380 | D:5      | Reached skill level 5 in Spellcasting
  1380 | D:5      | Reached skill level 1 in Translocations
  1390 | D:5      | Reached XP level 5. HP: 15/28 MP: 5/14
  1462 | D:5      | Noticed an ogre
  1468 | D:5      | Killed an ogre
  1494 | D:5      | Reached XP level 6. HP: 25/32 MP: 12/16
  1496 | D:5      | Reached skill level 6 in Spellcasting
  2267 | D:5      | Reached XP level 7. HP: 26/36 MP: 18/19
  2298 | D:5      | Reached skill level 7 in Spellcasting
  2348 | D:5      | Noticed a wyvern
  2356 | D:5      | Killed a wyvern
  2635 | D:6      | Reached skill level 5 in Translocations
  2642 | D:6      | Reached XP level 8. HP: 41/41 MP: 21/21
  2744 | D:6      | Reached skill level 8 in Spellcasting
  2898 | D:6      | Noticed Duvessa
  2899 | D:6      | Noticed Dowan
  2901 | D:6      | Found a glowing drain.
  2908 | D:6      | Killed Dowan
  2912 | D:6      | Killed Duvessa
  2961 | Sewer    | Entered a sewer
  3533 | D:6      | Reached skill level 9 in Spellcasting
  3791 | D:6      | Found an ornate altar of the Wu Jian Council.
  3903 | D:7      | Found a staircase to the Ecumenical Temple.
  3937 | Temple   | Entered the Ecumenical Temple
  3947 | Temple   | Became a worshipper of Vehumet
  4136 | D:7      | Found a shimmering blue altar of Sif Muna.
  4267 | D:7      | Reached XP level 9. HP: 45/45 MP: 20/24
  4497 | D:8      | Reached skill level 10 in Spellcasting
  4887 | D:8      | Noticed Pikel
  4895 | D:8      | Killed Pikel
  4958 | D:8      | Noticed Jeremiah
  4971 | D:8      | Killed Jeremiah
  4972 | D:8      | Reached skill level 11 in Spellcasting
  4972 | D:8      | Reached skill level 10 in Conjurations
  5113 | D:9      | Reached * piety under Vehumet
  5113 | D:9      | Offered knowledge of Shock by Vehumet.
  5120 | D:9      | Found a glowing silver altar of Zin.
  5142 | D:9      | Reached XP level 10. HP: 47/50 MP: 19/27
  5147 | D:9      | Found a sacrificial altar of Ru.
  5178 | D:9      | Found a staircase to the Lair.
  5190 | D:9      | Reached skill level 12 in Spellcasting
  5193 | D:9      | Upgraded the game from 0.32-a0-913-g739538afd8 to
                  | 0.32-a0-918-g0f22ef8d61
  5434 | D:9      | Noticed a two-headed ogre
  5441 | D:9      | Killed a two-headed ogre
  5497 | D:9      | Found a white marble altar of Elyvilon.
  5533 | D:9      | Found a snail-covered altar of Cheibriados.
  5635 | D:9      | Found a sparkling altar of Nemelex Xobeh.
  5656 | D:10     | Entered Level 10 of the Dungeon
  5694 | D:10     | Identified a scroll of acquirement
  5696 | D:10     | Acquired 612 gold pieces
  5716 | D:10     | Noticed a six-headed hydra
  5717 | D:10     | Noticed a manticore
  5718 | D:10     | Noticed a two-headed ogre
  5886 | D:10     | Reached ** piety under Vehumet
  5887 | D:10     | Offered knowledge of Scorch by Vehumet.
  5942 | D:10     | Reached skill level 10 in Translocations
  5950 | D:10     | Reached skill level 13 in Spellcasting
  6126 | D:10     | Reached XP level 11. HP: 52/54 MP: 30/30
  6205 | D:10     | Offered knowledge of Frozen Ramparts by Vehumet.
  6321 | D:11     | Noticed a boulder beetle
  6331 | D:11     | Killed a boulder beetle
  6349 | D:11     | Noticed a boulder beetle
  6382 | D:11     | Noticed a two-headed ogre
  6386 | D:11     | Killed a two-headed ogre
  6387 | D:11     | Reached skill level 14 in Spellcasting
  6515 | D:11     | Reached *** piety under Vehumet
  6624 | D:11     | Found the +6 shillelagh "Devastator" {shatter}
  6627 | D:11     | Noticed a boulder beetle
  6642 | D:11     | Noticed a two-headed ogre
  6648 | D:11     | Killed a boulder beetle
  6653 | D:11     | Killed a two-headed ogre
  6930 | D:11     | Learned a level 5 spell: Fireball
  6984 | D:12     | Found a frozen archway.
  6985 | D:12     | Offered knowledge of Stone Arrow by Vehumet.
  7157 | D:12     | Reached **** piety under Vehumet
  7164 | D:12     | Reached skill level 15 in Spellcasting
  7171 | D:12     | Found a staircase to the Orcish Mines.
  7199 | D:12     | Offered knowledge of Sticky Flame by Vehumet.
  7200 | D:12     | Reached skill level 1 in Shields
  7201 | D:12     | Noticed a boulder beetle
  7211 | D:12     | Reached XP level 12. HP: 50/59 MP: 33/33
  7365 | IceCv    | Entered an ice cave
  7678 | IceCv    | Noticed a death yak
  7679 | IceCv    | Noticed a death yak
  7690 | IceCv    | Killed a death yak
  7690 | IceCv    | Killed a death yak
  7716 | IceCv    | Reached ***** piety under Vehumet
  7720 | IceCv    | Reached skill level 16 in Spellcasting
  7774 | IceCv    | Noticed a death yak
  7774 | IceCv    | Noticed a death yak
  7780 | IceCv    | Offered knowledge of Flame Wave by Vehumet.
  7782 | IceCv    | Killed a death yak
  7786 | IceCv    | Killed a death yak
  7852 | IceCv    | Noticed a death yak
  7857 | IceCv    | Noticed an ironbound frostheart
  7863 | IceCv    | Killed a death yak
  7865 | IceCv    | Noticed a death yak
  7868 | IceCv    | Killed an ironbound frostheart
  7873 | IceCv    | Noticed an ironbound frostheart
  7875 | IceCv    | Killed a death yak
  7876 | IceCv    | Reached skill level 5 in Shields
  7876 | IceCv    | Killed an ironbound frostheart
  7889 | IceCv    | Learned a level 5 spell: Iskenderun's Battlesphere
  7919 | IceCv    | Identified the +12 short sword of the Sky {elec, *Noise
                  | ^Fragile rC+++ Will+}
  8189 | D:12     | Reached XP level 13. HP: 62/63 MP: 32/35
  8441 | Orc:1    | Entered Level 1 of the Orcish Mines
  8441 | Orc:1    | Noticed an orc warlord
  8450 | Orc:1    | Killed an orc warlord
  8451 | Orc:1    | Reached skill level 17 in Spellcasting
  8580 | Orc:1    | Acquired 1233 gold pieces
  8583 | Orc:2    | Entered Level 2 of the Orcish Mines
  8583 | Orc:2    | Found Atavvor's Armour Boutique.
  8647 | Orc:2    | Reached skill level 15 in Conjurations
  8741 | Orc:2    | Reached skill level 1 in Fire Magic
  8742 | Orc:2    | Reached skill level 1 in Fighting
  8832 | Orc:2    | Offered knowledge of Lee's Rapid Deconstruction by Vehumet.
  8837 | Orc:2    | Noticed Saint Roka
  8976 | Orc:2    | Killed Saint Roka
  8997 | Orc:2    | Found Niggonke's General Store.
  9145 | Orc:2    | Bought a potion of haste for 160 gold pieces
  9145 | Orc:2    | Bought a potion of lignification for 48 gold pieces
  9154 | Orc:2    | Found Cirphalu's Antique Armour Shoppe.
  9172 | Orc:2    | Bought a glowing hat for 189 gold pieces
  9195 | Orc:2    | Found Qischuw Oxa's Antique Armour Shoppe.
  9205 | Orc:2    | Found a staircase to the Elven Halls.
  9238 | Orc:2    | Bought an embroidered hat for 189 gold pieces
  9287 | Orc:2    | Found Voics's Magic Scroll Shoppe.
  9287 | Orc:2    | Found Laaqul's Magic Scroll Boutique.
  9289 | Orc:2    | Found Sewkunn's Weapon Shop.
  9291 | Orc:2    | Found Riesao's Assorted Antiques.
  9302 | Orc:2    | Bought a scroll of fear for 52 gold pieces
  9302 | Orc:2    | Bought a scroll of identify for 26 gold pieces
  9302 | Orc:2    | Bought a scroll of identify for 26 gold pieces
  9308 | Orc:2    | Bought a scroll of revelation for 172 gold pieces
  9308 | Orc:2    | Bought a potion of brilliance for 92 gold pieces
  9308 | Orc:2    | Bought a potion of heal wounds for 115 gold pieces
  9308 | Orc:2    | Bought a scroll of blinking for 172 gold pieces
  9506 | Lair:1   | Entered Level 1 of the Lair of Beasts
  9520 | Lair:1   | Noticed Amaemon
  9532 | Lair:1   | Killed Amaemon
  9781 | Lair:1   | Reached skill level 18 in Spellcasting
 10385 | Lair:2   | Reached XP level 14. HP: 75/75 MP: 34/38
 10388 | Lair:2   | Reached skill level 5 in Fire Magic
 10460 | Lair:2   | Noticed Maggie
 10466 | Lair:2   | Killed Maggie
 10558 | Lair:2   | Offered knowledge of Orb of Destruction by Vehumet.
 10670 | Lair:2   | Found a staircase to the Snake Pit.
 10950 | Lair:3   | Found a staircase to the Shoals.
 11492 | Lair:4   | Learned a level 7 spell: Orb of Destruction
 11500 | Lair:4   | Learned a level 7 spell: Spellforged Servitor
 11813 | Lair:4   | Identified the ring of Sophism {+Blink rC+ Str+4 SInv}
 11850 | Lair:4   | Found a viscous altar of Jiyva.
 11851 | Lair:4   | Found a staircase to the Slime Pits.
 12031 | Lair:5   | Entered Level 5 of the Lair of Beasts
 12044 | Lair:5   | Reached skill level 5 in Fighting
 12144 | Lair:5   | Reached skill level 19 in Spellcasting
 12151 | Lair:5   | Reached ****** piety under Vehumet
 12152 | Lair:5   | Offered knowledge of Starburst by Vehumet.
 12180 | Lair:5   | Learned a level 6 spell: Starburst
 12854 | Lair:5   | Reached XP level 15. HP: 84/84 MP: 16/40
 12919 | Lair:5   | Got an earthy gem with 284 turns to spare
 13348 | Snake:1  | Entered Level 1 of the Snake Pit
 13454 | Lair:2   | HP: 4/80 [poisoned by a guardian serpent (bolt of poison)]
 13567 | Snake:1  | Offered knowledge of Freezing Cloud by Vehumet.
 13807 | Snake:1  | Reached skill level 20 in Spellcasting
 14469 | Snake:2  | Reached skill level 10 in Fire Magic
 14509 | Snake:2  | Found Zyimnics's Magic Scroll Shoppe.
 14529 | Snake:2  | Bought 3 scrolls of revelation for 315 gold pieces
 14529 | Snake:2  | Bought a scroll of fog for 56 gold pieces
 14529 | Snake:2  | Bought a scroll of fog for 56 gold pieces
 14718 | Snake:2  | Found Wabroij's Gadget Gallery.
 15176 | Snake:3  | Reached XP level 16. HP: 53/90 MP: 22/42
 15198 | Snake:3  | Reached skill level 21 in Spellcasting
 15220 | Snake:3  | Offered knowledge of Plasma Beam by Vehumet.
 15272 | Snake:3  | Found Quufill's Antique Weapon Emporium.
 15409 | Snake:4  | Entered Level 4 of the Snake Pit
 15451 | Snake:4  | Learned a level 6 spell: Plasma Beam
 15466 | Snake:4  | Identified the amulet "Aweph" {Faith Harm Rampage rF-}
 15984 | Snake:4  | Reached skill level 22 in Spellcasting
 16147 | Snake:4  | Found an iron altar of Okawaru.
 16167 | Snake:4  | Got a serpentine rune of Zot
 16320 | Snake:4  | Offered knowledge of Lehudib's Crystal Spear by Vehumet.
 16362 | Snake:3  | Reached XP level 17. HP: 86/94 MP: 45/45
 16584 | Snake:3  | Found Imofasaf's Jewellery Shop.
 16589 | Snake:3  | Bought the ring of Baczanof {rCorr Int+5 Dex+3} for 744
                  | gold pieces
 16621 | Snake:3  | Learned a level 8 spell: Lehudib's Crystal Spear
 16705 | Snake:2  | HP: 3/94 [rock wall collision (4)]
 16705 | Snake:2  | Shot with an arrow by a naga sharpshooter

Illustrated notes

Levels and vault maps discovered:
D:1:      dpeg_arrival_rhombus, layout_basic, serial_forest,
          infiniplex_forest_pool, infiniplex_forest_split,
          infiniplex_forest_end_2, infiniplex_forest_straight_3,
          infiniplex_forest_lined_3, infiniplex_forest_end_2,
          infiniplex_forest_clump_cross, infiniplex_forest_fountain,
          minmay_box_of_dots
D:2:      layout_rooms, shapermc_ecumenical_altar_ellora, minmay_pentomino_x2
D:3:      layout_loops_ring, nicolae_ashenzari_skybound, minivault_26
D:4:      layout_loops_cross, corexii_item_surrounded_by_moat
D:5:      layout_cave_pools
D:6:      layout_layer_cave, nicolae_wu_jian_immortal_techniques,
          cheibrodos_sewer_entry_bend, uniq_duvessa
D:7:      layout_loops_cross, lemuel_blue_sif_altar, minmay_temple_entry_tees
D:8:      layout_basic, uniq_pikel, uniq_jeremiah
D:9:      layout_loops_ring, nicolae_elyvilon_peaceful_grove,
          nicolae_overflow_quartered_altars, due_lair_maze_entry_diamond
D:10:     layout_loops_ring, special_room [special_room_bee],
          lightli_corner_chamber
D:11:     layout_cave_pools, serial_column_ruins, column_ruins_circle_medium,
          column_ruins_hut, column_ruins_open_tiny, column_ruins_open_small,
          column_ruins_open_medium, column_ruins_grid_2, column_ruins_grid_1,
          column_ruins_corridor_straight, grunt_ministairs_5,
          hangedman_decor_points, st_stairs_4, dilly_guarded_unrand_devastator
D:12:     layout_loops_ring, hiddenorc2_lemuel, portal_ice_cave_entry_imps
Temple:   nicolae_temple_two_arcs
Lair:1:   layout_layer_cave, grunt_megastairs_3, lemuel_fruit_fields,
          uniq_amaemon
Lair:2:   layout_regular_city, alex1729_snake_entry_snake, serial_forest,
          infiniplex_forest_clump_small, infiniplex_forest_clump_small,
          infiniplex_forest_clump_medium, infiniplex_forest_straight_4,
          infiniplex_forest_zigzag_1, infiniplex_forest_clump_curved,
          infiniplex_forest_clump_small, infiniplex_forest_clump_curved,
          disabler_island, uniq_maggie
Lair:3:   layout_big_grid, nicolae_shoals_entry_roost, kilobyte_rumbling_trees
Lair:4:   layout_cave_pods, dpeg_slime_entry_enclosed
Lair:5:   due_jungle_book, layout_regular_city, serial_bayou_shore_a,
          grunt_megastairs_4
Snake:1:  nicolae_snake_shooting_gallery, layout_gridlike,
          nicolae_snake_serpentine_hallways, nicolae_snake_biting_tails,
          lemuel_fruit_tree
Snake:2:  layout_basic, serial_shops, nicolae_shop_hallway_stairs,
          nicolae_shop_gadgets
Snake:3:  layout_gridlike, serial_shops, shop, nicolae_diamond_shop
Snake:4:  grunt_snake_rune_serpentine_throne, layout_basic,
          nicolae_snake_mages_go_home
Orc:1:    layout_caves, serial_shops, shop, uniq_erica, uniq_urug
Orc:2:    st_orc_rangers, layout_diamond_mine, serial_shops, shop,
          nicolae_shop_hallway_plus, shop, shop, uniq_saint_roka

Skill      XL: |  1  2  3  4  5  6  7  8  9 10 11 12 13 14 15 16 |
---------------+-------------------------------------------------+-----
Spellcasting   | 4 5 6 7 9 11 13 15 16 18 19 20 22 | 22.7
Conjurations   | 5 6 7 8 10 11 13 14 15 16 18 19 | 19.6
Translocations | 1 2 3 5 6 8 10 12 | 12.0
Shields        | 1 5 6 |  6.0
Fire Magic     | 4 8 10 13 | 13.4
Fighting       | 3 6 |  6.5
Dodging        | |  2.4
Stealth        | |  2.4

Action                     |  1- 3 |  4- 6 |  7- 9 | 10-12 | 13-15 | 16-18 || total
---------------------------+-------+-------+-------+-------+-------+-------++-------
  Melee: Unarmed           |     1 |       |       |       |       |       ||     1
         Short sword       |    33 |       |       |       |       |       ||    33
         War axe           |    46 |    42 |    61 |    18 |       |       ||   167
         Shillelagh        |       |       |       |    88 |   134 |     3 ||   225
         Staff             |       |       |       |       |       |     1 ||     1
   Cast: Magic Dart        |    15 |       |     3 |     3 |    13 |       ||    34
         Searing Ray       |    10 |    19 |    23 |    14 |    19 |     3 ||    88
         Iskenderun's Myst |       |       |    62 |   150 |   241 |   134 ||   587
         Fulminant Prism   |       |       |     4 |    18 |    10 |       ||    32
         Fireball          |       |       |       |       |   134 |    22 ||   156
         Iskenderun's Batt |       |       |       |       |    24 |     4 ||    28
         Orb of Destructio |       |       |       |       |    21 |     1 ||    22
         Starburst         |       |       |       |       |     5 |    27 ||    32
Ability: Evoke Blink       |       |       |       |       |     4 |       ||     4
  Evoke: Wand              |       |       |       |     2 |     6 |       ||     8
    Use: Potion            |     2 |       |       |     3 |     8 |     8 ||    21
         Scroll            |       |       |       |    20 |    16 |     7 ||    43
   Stab: Sleeping          |     4 |     3 |       |       |       |       ||     7
 Armour: Robe              |    37 |    40 |    65 |    32 |       |       ||   174
         Troll leather arm |       |       |       |   116 |   241 |   110 ||   467
  Dodge: Dodged            |    42 |    51 |    44 |   139 |    89 |    27 ||   392
  Block: Other             |    10 |    11 |    20 |    52 |     1 |       ||    94
         Reflection        |       |       |     2 |     1 |    42 |    32 ||    77
         Buckler           |       |       |       |     4 |   161 |    60 ||   225

Table legend: (Time is in decaauts)
 A = Elapsed time spent in this place.
 B = Non-inter-level travel time spent in this place.
 C = Inter-level travel time spent in this place.
 D = Time resting spent in this place.
 E = Time spent auto-exploring this place.
 F = Levels seen in this place.
 G = Mean time per level.
                   A        B        C        D        E       F      G
               +--------+--------+--------+--------+--------+-----+--------+
         Total |  16977 |  15783 |   1194 |    174 |      0 |  26 |  653.0 |
       Dungeon |   7560 |   6874 |    686 |      3 |      0 |  12 |  630.0 |
        Temple |     20 |      2 |     18 |      0 |      0 |   1 |   20.0 |
          Lair |   4038 |   3740 |    298 |     30 |      0 |   5 |  807.6 |
     Snake Pit |   3232 |   3084 |    148 |    128 |      0 |   4 |  808.0 |
  Orcish Mines |    993 |    950 |     43 |     13 |      0 |   2 |  496.5 |
         Sewer |    517 |    517 |      0 |      0 |      0 |   1 |  517.0 |
      Ice Cave |    614 |    614 |      0 |      0 |      0 |   1 |  614.0 |
               +--------+--------+--------+--------+--------+-----+--------+

Top non-repeatable levels by time:
  Lair:5: 1233 daAuts
 Snake:1: 947 daAuts
    D:12: 908 daAuts
     D:6: 897 daAuts
 Snake:4: 868 daAuts
  Lair:1: 856 daAuts
  Lair:2: 818 daAuts
 Snake:2: 766 daAuts
     D:8: 728 daAuts
    D:10: 726 daAuts
  Lair:4: 702 daAuts
 Snake:3: 650 daAuts
     D:1: 623 daAuts
    D:11: 618 daAuts
   IceCv: 614 daAuts
